 Dungeon Crawl Stone Soup version 0.32-a0-290-g598725c5f2 (webtiles) character file.

Game seed: 5429099599750002177

7 cforsyth the Magician (level 2, 0/22 HPs)
             Began as a Djinni Hexslinger on Feb 13, 2024.
             Killed from afar by a dart slug (3 damage)
             ... with a slug dart
             ... on level 1 of the Dungeon.
             The game lasted 00:00:12 (93 turns).

cforsyth the Magician (Djinni Hexslinger)             Turns: 93, Time: 00:00:12

Health: 0/22       AC:  2    Str:  7    XL:     2   Next: 5%
Gold:   0          EV: 12    Int: 14    God:
                   SH:  0    Dex: 15

rFire   + + .        a - +1 sling
rCold   x . .        (no shield)
rNeg    . . .        c - +0 robe
rPois   ∞            (no helmet)
rElec   .            (no cloak)
rCorr   .            (no gloves)
SInv    .            (boots unavailable)
Will    .....        (no amulet)
Stlth   +            (no ring)
HPRegen 0.23/turn    (no ring)
MPRegen 0.00/turn

%: infuse magic (-1 HP)
@: flying
A: sickness immunity, fire resistance 2, cold vulnerability 1, float, innate
caster, HP casting, extra vitality 1
a: no special abilities


You were on level 1 of the Dungeon.
You visited 1 branch of the dungeon, and saw 1 of its levels.


Innate Abilities, Weirdness & Mutations

You are immune to sickness and miasma.
You are immune to poison.
Your flesh is very heat resistant. (rF++)
You are vulnerable to cold. (rC-)
You float through the air rather than walking.
You learn spells naturally, not from books.
Your magical power is your life essence.
You have superior vitality. (+4 MHP)


   Skills:
 + Level 1.4 Fighting
 - Level 1.5 Ranged Weapons
 - Level 2.1 Dodging
 + Level 2.8 Spellcasting
 + Level 2.8 Conjurations
 + Level 2.8 Hexes
 + Level 2.8 Summonings
 + Level 2.8 Necromancy
 + Level 2.8 Translocations
 + Level 2.8 Fire Magic
 + Level 2.8 Ice Magic
 + Level 2.8 Air Magic
 + Level 2.8 Earth Magic
 + Level 2.8 Alchemy


You knew the following spells:

 Your Spells              Type           Power      Damage    Failure   Level
c - Cause Fear            Hex            5%         N/A       56%         4
f - Inner Flame           Hex/Fire       10%        N/A       21%         3
X - Jinxbite              Hex            20%        N/A       11%         2
Y - Sigil of Binding      Hex            10%        N/A       21%         3
Z - Dimensional Bullseye  Hex/Tloc       5%         N/A       56%         4
Your spell library was empty.

Inventory:

Hand Weapons
 a - a +1 sling (weapon)
Armour
 c - a +0 robe (worn)
Scrolls
 b - a scroll of poison

Dungeon Overview and Level Annotations

Branches:
Dungeon (1/15)

Altars:

##.# ##.# ##.#
###
#############.#
#####.....#....#
#...###
............####
.....#.
##......###
....... #......#
....... #......#
.$.....
####.######
....... #.w@.#
.......###†####
...........#
......#.####
...!)...#
.......##
....... .J.....
.......


You could see a dart slug.


Message History

The ball python closely misses you. The ball python constricts you.
* * * LOW HITPOINT WARNING * * *
The ball python misses you. The ball python constricts you.
* * * LOW HITPOINT WARNING * * *
You shoot a sling bullet.
The sling bullet barely misses the ball python.
The sling bullet misses the bat.
The ball python barely misses you. The ball python constricts you.
* * * LOW HITPOINT WARNING * * *
You shoot a sling bullet.
The sling bullet closely misses the ball python.
The sling bullet closely misses the bat.
The ball python barely misses you. The ball python constricts you.
The ball python bites you.
* * * LOW HITPOINT WARNING * * *
The ball python constricts you.
You shoot a sling bullet. The sling bullet hits the ball python.
You kill the ball python!
The bat misses you.
You have reached level 2!
You shoot a sling bullet. The sling bullet hits the dart slug.
The dart slug is lightly wounded.
The dart slug barely misses you.
You shoot a sling bullet.
The sling bullet completely misses the dart slug.
The sling bullet hits the bat!
You kill the bat!
The dart slug launches a dart at you. The slug dart hits you.
You die...

Action                     || total
---------------------------++-------
   Fire: Sling             ||    16
 Armour: Robe              ||     9
  Dodge: Dodged            ||    16

Levels and vault maps discovered:
D:1:      dpeg_arrival_triangle_fractal, layout_rooms, nicolae_grassy_gnolls

Notes
Turn   | Place    | Note
-------+----------+-------------------------------------------
     0 | D:1      | cforsyth the Djinni Hexslinger began the quest for the Orb.
     0 | D:1      | cforsyth set off with the following spells memorised:
                  | Jinxbite, Sigil of Binding, Inner Flame, Cause Fear,
                  | Dimensional Bullseye.
     0 | D:1      | Reached XP level 1. HP: 17/17 MP: 0/0
    90 | D:1      | HP: 1/17 [ball python (2)]
    92 | D:1      | Reached XP level 2. HP: 2/22 MP: 0/0
    93 | D:1      | Killed from afar by a dart slug

Vanquished Creatures
  A bat (D:1)
  An endoplasm (D:1)
  A goblin (D:1)
  A ball python (D:1)
  A frilled lizard (D:1)
5 creatures vanquished.

Table legend: (Time is in decaauts)
 A = Elapsed time spent in this place.
 B = Non-inter-level travel time spent in this place.
 C = Inter-level travel time spent in this place.
 D = Time resting spent in this place.
 E = Time spent auto-exploring this place.
 F = Levels seen in this place.
 G = Mean time per level.
                   A        B        C        D        E       F      G
               +--------+--------+--------+--------+--------+-----+--------+
         Total |     97 |     97 |      0 |      0 |     69 |   1 |   97.0 |
       Dungeon |     97 |     97 |      0 |      0 |     69 |   1 |   97.0 |
               +--------+--------+--------+--------+--------+-----+--------+

Top non-repeatable levels by time:
     D:1: 97 daAuts

Table legend:
 A = Non-vault XP
 B = Vault XP
 C = Vault XP percentage of total XP
 D = Non-vault monster count
 E = Vault monster count
 F = Vault count percentage of total count
                 A         B        C        D         E       F
            +---------+---------+-------+---------+---------+-------
      Total |      13 |       0 |   0.0 |       5 |       0 |   0.0
            +---------+---------+-------+---------+---------+-------
        D:1 |      13 |       0 |   0.0 |       5 |       0 |   0.0
            +---------+---------+-------+---------+---------+-------
